 Dungeon Crawl Stone Soup version 0.29-a0-555-g3b24f45cc1 (webtiles) character file.

Game seed: 6206191435182559577

378 MechDurjaeses the Ducker (level 6, -4/51 HPs)
             Began as a Gnoll Gladiator on June 7, 2022.
             Slain by Pikel
             ... wielding a +0 whip of freezing
              (7 damage)
             ... on level 4 of the Dungeon.
             The game lasted 00:07:22 (3356 turns).

MechDurjaeses the Ducker (Gnoll Gladiator)          Turns: 3356, Time: 00:07:23

Health: -4/51      AC:  6    Str: 14    XL:     6   Next: 74%
Magic:  9/9        EV: 14    Int:  9    God:
Gold:   214        SH:  0    Dex: 13    Spells: 6/9 levels left

rFire   . . .      SeeInvis .   a - +0 trident
rCold   . . .      Faith    .   (no shield)
rNeg    . . .      Spirit   .   m - +1 leather armour {rPois}
rPois   +          Reflect  .   c - +0 helmet
rElec   .          Harm     .   n - scarf {repulsion}
rCorr   .          Rampage  .   (no gloves)
Will    .....                   b - +0 pair of boots
Stlth   ++........              (no amulet)
HPRegen 0.17/turn               (no ring)
MPRegen 0.11/turn               (no ring)

@: repel missiles
A: fangs 1, strong nose, distributed training
a: no special abilities


You were on level 4 of the Dungeon.
You visited 1 branch of the dungeon, and saw 4 of its levels.

You collected 214 gold pieces.

Inventory:

Hand Weapons
 a - a +0 trident (weapon)
Armour
 b - a +0 pair of boots (worn)
 c - a +0 helmet (worn)
 m - a +1 leather armour of poison resistance (worn)
 n - a scarf of repulsion (worn)
Scrolls
 i - a scroll of immolation
 j - a scroll of brand weapon {unknown}
 l - a scroll of noise {unknown}
 r - a scroll of fog {unknown}
Potions
 d - a potion of flight {unknown}
 f - a potion of brilliance
 g - a potion of ambrosia {unknown}
 h - 3 potions of attraction
 k - a potion of curing
 o - a potion of degeneration {unknown}
 p - a potion of lignification {unknown}


   Skills:
 + Level 5.0 Fighting
 + Level 2.1 Short Blades
 + Level 2.1 Long Blades
 + Level 2.1 Axes
 + Level 2.1 Maces & Flails
 + Level 6.9 Polearms
 + Level 2.1 Staves
 + Level 2.1 Slings
 + Level 2.1 Bows
 + Level 2.1 Crossbows
 + Level 5.0 Throwing
 + Level 2.1 Armour
 + Level 6.9 Dodging
 + Level 2.1 Stealth
 + Level 2.1 Shields
 + Level 2.1 Unarmed Combat
 + Level 2.1 Spellcasting
 + Level 1.6 Conjurations
 + Level 1.6 Hexes
 + Level 1.6 Summonings
 + Level 1.6 Necromancy
 + Level 1.6 Translocations
 + Level 1.6 Transmutations
 + Level 1.6 Fire Magic
 + Level 1.6 Ice Magic
 + Level 1.6 Air Magic
 + Level 1.6 Earth Magic
 + Level 1.6 Poison Magic
 + Level 2.3 Invocations
 + Level 2.1 Evocations


You had 6 spell levels left.
You knew the following spells:

 Your Spells              Type           Power      Damage    Failure   Level
a - Ozocubu's Armour      Ice            3%         N/A       52%         3

Your spell library contained the following spells:

 Spells                   Type           Power      Damage    Failure   Level
 Metabolic Englaciation   Hex/Ice        1%         N/A       99%         5
 Simulacrum               Ice/Necr       1%         N/A       100%        6


Dungeon Overview and Level Annotations

Branches:
Dungeon (4/15)
 Temple: D:4-7

Altars:
Wu Jian

Annotations:
D:4 Pikel


Innate Abilities, Weirdness & Mutations

You have very sharp teeth.
Your uncanny sense of smell can sniff out nearby items.
Your experience applies equally to all skills.


Message History

Pikel barely misses you.
You hit Pikel but do no damage. Your bite misses Pikel.
Pikel is severely wounded.
Pikel misses you.
You barely miss Pikel.
Pikel is severely wounded.
Pikel barely misses you.
You hit Pikel.
Pikel is severely wounded.
You barely miss Pikel.
Pikel is severely wounded.
Pikel barely misses you.
You hit Pikel.
Pikel is severely wounded.
Pikel barely misses you.
You barely miss Pikel.
Pikel is severely wounded.
Pikel closely misses you.
You barely miss Pikel.
Pikel is severely wounded.
Pikel hits you but does no damage.
You miss Pikel. You bite Pikel, but do no damage.
Pikel is severely wounded.
Pikel hits you with a +0 whip of freezing.
* * * LOW HITPOINT WARNING * * *
Pikel freezes you.
* * * LOW HITPOINT WARNING * * *
You miss Pikel.
Pikel is severely wounded.
Pikel hits you with a +0 whip of freezing!
* * * LOW HITPOINT WARNING * * *
Pikel freezes you.
* * * LOW HITPOINT WARNING * * *
You hit Pikel but do no damage.
Pikel is severely wounded.
Pikel barely misses you.
You barely miss Pikel.
Pikel is severely wounded.
Pikel hits you with a +0 whip of freezing!
You die...

#.# . #.###### .###. ..#
#......######..... K.
#.####............ 5. ...#
#####..###.#. ##g #†.#
#####...[..# .. #..#
#........### .# ###
....##....###.#####.#.....
.#....>.......#.@K55...(..
.∆..##.......##.#####..###
#.. # #.##..........# #
#.. .##>......#### #.#
#.#.##.## #.# #......# #.#
#......# #.# #.....[. #.##
........ #...


You could see Pikel and 2 lemures.

Vanquished Creatures
  A black bear (D:4)
  2 lemures (D:4)
  4 hounds (D:4)
  Jessica (D:2)
  6 adders
  A worm (D:3)
  2 dart slugs (D:1)
  4 orcs
  7 endoplasms
  4 giant cockroaches (D:2)
  7 goblins
  7 hobgoblins
  2 jackals (D:1)
  8 kobolds
  3 quokkas
  7 ball pythons
  7 bats
  5 frilled lizards
  6 rats
84 creatures vanquished.

Notes
Turn   | Place    | Note
-------+----------+-------------------------------------------
     0 | D:1      | MechDurjaeses the Gnoll Gladiator began the quest for the
                  | Orb.
     0 | D:1      | Reached XP level 1. HP: 20/20 MP: 1/1
    78 | D:1      | Reached XP level 2. HP: 26/26 MP: 2/2
   397 | D:1      | Reached XP level 3. HP: 31/31 MP: 3/3
  1068 | D:2      | Reached skill level 1 in Invocations
  1107 | D:2      | Reached skill level 1 in Short Blades
  1107 | D:2      | Reached skill level 1 in Long Blades
  1107 | D:2      | Reached skill level 1 in Axes
  1107 | D:2      | Reached skill level 1 in Maces & Flails
  1107 | D:2      | Reached skill level 1 in Staves
  1107 | D:2      | Reached skill level 1 in Slings
  1107 | D:2      | Reached skill level 1 in Bows
  1107 | D:2      | Reached skill level 1 in Crossbows
  1107 | D:2      | Reached skill level 1 in Armour
  1107 | D:2      | Reached skill level 1 in Stealth
  1107 | D:2      | Reached skill level 1 in Shields
  1107 | D:2      | Reached skill level 1 in Unarmed Combat
  1107 | D:2      | Reached skill level 1 in Spellcasting
  1107 | D:2      | Reached skill level 1 in Evocations
  1217 | D:2      | Reached XP level 4. HP: 34/38 MP: 5/5
  1295 | D:2      | Noticed Jessica
  1429 | D:2      | Reached skill level 1 in Conjurations
  1429 | D:2      | Reached skill level 1 in Hexes
  1429 | D:2      | Reached skill level 1 in Summonings
  1429 | D:2      | Reached skill level 1 in Necromancy
  1429 | D:2      | Reached skill level 1 in Translocations
  1429 | D:2      | Reached skill level 1 in Transmutations
  1429 | D:2      | Reached skill level 1 in Fire Magic
  1429 | D:2      | Reached skill level 1 in Ice Magic
  1429 | D:2      | Reached skill level 1 in Air Magic
  1429 | D:2      | Reached skill level 1 in Earth Magic
  1429 | D:2      | Reached skill level 1 in Poison Magic
  1508 | D:2      | Found an ornate altar of the Wu Jian Council.
  1654 | D:2      | Killed Jessica
  1655 | D:2      | Reached XP level 5. HP: 43/43 MP: 6/6
  2197 | D:3      | Found a faded altar of an unknown god.
  2499 | D:4      | Noticed a black bear
  2517 | D:4      | Killed a black bear
  2518 | D:4      | Reached XP level 6. HP: 18/50 MP: 8/8
  2858 | D:4      | Reached skill level 5 in Fighting
  2858 | D:4      | Reached skill level 5 in Throwing
  2862 | D:4      | Learned a level 3 spell: Ozocubu's Armour
  3272 | D:4      | Noticed Pikel
  3356 | D:4      | Slain by Pikel

Illustrated notes

Levels and vault maps discovered:
D:1:      lemuel_arrival_hallway, layout_basic, serial_rivers,
          chequers_serial_rivers_micro_c, chequers_serial_rivers_small_b,
          chequers_serial_rivers_marsh, chequers_serial_rivers_room_b
D:2:      layout_rooms, basic_altar, uniq_jessica
D:3:      minmay_general_purpose_star, layout_basic,
          chequers_ecumenical_altar_twisty, dreamdust_princess_corridor
D:4:      layout_loops_ring, kennysheep_decorative_pillar,
          minmay_misc_feat_columns, corexii_corridor_pit, uniq_pikel

Skill      XL: |  1  2  3  4  5  6 |
---------------+-------------------+-----
Invocations    | 1 2 |  2.3
Short Blades   | 1 2 |  2.1
Long Blades    | 1 2 |  2.1
Axes           | 1 2 |  2.1
Maces & Flails | 1 2 |  2.1
Staves         | 1 2 |  2.1
Slings         | 1 2 |  2.1
Bows           | 1 2 |  2.1
Crossbows      | 1 2 |  2.1
Armour         | 1 2 |  2.1
Stealth        | 1 2 |  2.1
Shields        | 1 2 |  2.1
Unarmed Combat | 1 2 |  2.1
Spellcasting   | 1 2 |  2.1
Evocations     | 1 2 |  2.1
Conjurations   | 1 |  1.6
Hexes          | 1 |  1.6
Summonings     | 1 |  1.6
Necromancy     | 1 |  1.6
Translocations | 1 |  1.6
Transmutations | 1 |  1.6
Fire Magic     | 1 |  1.6
Ice Magic      | 1 |  1.6
Air Magic      | 1 |  1.6
Earth Magic    | 1 |  1.6
Poison Magic   | 1 |  1.6
Fighting       | 5 |  5.0
Throwing       | 5 |  5.0
Polearms       | |  6.9
Dodging        | |  6.9

Action                   |  1- 3 |  4- 6 || total
-------------------------+-------+-------++-------
Melee: Trident           |   118 |   248 ||   366
       Bite              |     9 |    26 ||    35
       Punch             |       |     4 ||     4
Throw: Throwing net      |     1 |     4 ||     5
       Javelin           |       |     1 ||     1
  Use: Scroll            |       |     4 ||     4
       Potion            |       |     1 ||     1
 Stab: Sleeping          |       |     6 ||     6
Armor: Leather armour    |    16 |    48 ||    64
Dodge: Dodged            |    59 |   132 ||   191

Table legend: (Time is in decaauts)
 A = Elapsed time spent in this place.
 B = Non-inter-level travel time spent in this place.
 C = Inter-level travel time spent in this place.
 D = Time resting spent in this place.
 E = Time spent auto-exploring this place.
 F = Levels seen in this place.
 G = Mean time per level.
                   A        B        C        D        E       F      G
               +--------+--------+--------+--------+--------+-----+--------+
         Total |   3355 |   3207 |    148 |    348 |   2176 |   4 |  838.8 |
       Dungeon |   3355 |   3207 |    148 |    348 |   2176 |   4 |  838.8 |
               +--------+--------+--------+--------+--------+-----+--------+

Top non-repeatable levels by time:
     D:1: 960 daAuts
     D:4: 865 daAuts
     D:3: 778 daAuts
     D:2: 752 daAuts
